 Dungeon Sprint DCSS version 0.28-a0-1286-g6bde065e89 (webtiles) character file.

Game seed: 3246413049276685316

1138 rocky1 the Blocker (level 8, -22/71 HPs)
             Began as a Black Draconian Fighter on Dec 26, 2021.
             Was a Priest of Okawaru.
             Annihilated by a white ugly thing (31 damage)
             ... in the Dungeon (Sprint IX: "|||||||||||||||||||||||||||||").
             The game lasted 00:03:12 (832 turns).

rocky1 the Blocker (Black Draconian Fighter)         Turns: 832, Time: 00:03:13

Health: -22/71     AC:  7    Str: 23    XL:     8   Next: 14%
Magic:  10/12      EV: 16    Int:  9    God:    Okawaru [***...]
Gold:   0          SH:  6    Dex: 14    Spells: 7/7 levels left

rFire   . . .      SeeInvis .   l - +2 scimitar (holy)
rCold   . . .      Faith    .   b - +0 buckler
rNeg    . . .      Spirit   .   (armour unavailable)
rPois   .          Reflect  .   (helmet restricted)
rElec   +          Harm     .   (no cloak)
rCorr   .          Rampage  .   (no gloves)
Will    .....      NoTele   +   n - +0 pair of boots
Stlth   +.........              (no amulet)
HPRegen 0.21/turn               p - +3 ring of dexterity
MPRegen 0.13/turn               o - +3 ring of strength

@: short of breath, hasted and slowed
A: breathe lightning, AC +6, unfitting armour, electricity resistance,
cold-blooded
a: Breathe Lightning, Renounce Religion, Heroism


You were in the Dungeon.
You worshipped Okawaru.
Okawaru was most pleased with you.
You visited 1 branch

Inventory:

Hand Weapons
 a - a +0 long sword
 l - a +2 scimitar of holy wrath (weapon)
 m - the +3 war axe of Doubt {protect, Stlth+}
   (You found it in the Dungeon)

   It grants its wielder temporary protection when it strikes (+7 to AC).
   Stlth:     It makes you more stealthy.
Armour
 b - a +0 buckler (worn)
 n - a +0 pair of boots (worn)
Jewellery
 o - a +3 ring of strength (right hand)
 p - a +3 ring of dexterity (left hand)
Wands
 k - a wand of acid (9)
Scrolls
 i - 2 scrolls of blinking
 j - 2 scrolls of amnesia
Potions
 d - 5 potions of curing
 e - a potion of heal wounds
 g - 4 potions of magic
 h - a potion of invisibility


   Skills:
 + Level 6.8 Fighting
 + Level 9.1 Long Blades
 + Level 8.6 Dodging
 + Level 9.5 Shields
 + Level 5.7 Invocations
 + Level 5.2 Evocations


You had 7 spell levels left.
You didn't know any spells.
Your spell library was empty.

Dungeon Overview and Level Annotations

Branches:
Dungeon (1/1)

Altars:
Cheibriados
Dithmenos
Elyvilon
Fedhas
Gozag
Hepliaklqana
Kikubaaqudgha
Makhleb
Nemelex Xobeh
Okawaru
Qazlal
Ru
Sif Muna
Trog
Uskayaw
Vehumet
Wu Jian
Xom
Yredelemnul
Zin
The Shining One
Beogh
Jiyva
Lugonu


Innate Abilities, Weirdness & Mutations

You can breathe wild blasts of lightning.
Your glossy black scales are hard. (AC +6)
You cannot fit into any form of body armour.
You are resistant to electric shocks. (rElec)
You are cold-blooded and may be slowed by cold attacks.


Message History

Okawaru will now gift you ammunition as you gain piety.
The slime creature quivers.
The kobold demonologist shouts!
The kobold demonologist mumbles some strange words.
Your Long Blades skill increases to level 9!
Your Invocations skill increases to level 5!
Your Evocations skill increases to level 5!
You have reached level 8!
You feel agile.
Unknown command.
Unknown command.
Unknown command.
Unknown command.
You close the door.
A white ugly thing opens the door.
The slime creature jiggles.
You close the door.
A white ugly thing breaks down the door.
The kobold demonologist mumbles some strange words.
Unknown command.
Okay, then.
Okay, then.
You hit the white ugly thing.
The white ugly thing is lightly wounded.
The white ugly thing misses you.
The kobold demonologist begins to cast a cantrip, but forgets the words!
You slash the white ugly thing!
Your tail-slap misses the white ugly thing.
The white ugly thing is lightly wounded.
You block the white ugly thing's attack.
The kobold demonologist gestures wildly while chanting.
You feel yourself speed up.
You carefully extract the barbed spikes from your body.
The white ugly thing headbutts you! The white ugly thing freezes you!!
* * * LOW HITPOINT WARNING * * *
You hit the white ugly thing.
The white ugly thing is moderately wounded.
The white ugly thing headbutts you.
* * * LOW HITPOINT WARNING * * *
The white ugly thing freezes you!!
You feel yourself slow down.
You die... ▓▓▓▓▓▓▓▓▓▓▓▓▓▓▓▓▓▓▓▓▓▓▓▓ J3K5COu@.....)..[.[.)..' ▓▓▓▓▓▓▓▓▓▓▓▓▓▓▓▓▓▓▓▓▓▓▓▓

You could see a white ugly thing, a slime creature, a two-headed ogre, a cyclops, a kobold demonologist, a neqoxec (summoned) and a quasit (summoned).

Vanquished Creatures
  A manticore (D)
  An unseen horror (D)
  A vampire (D)
  2 steam dragons (D)
  A hound (D)
  A jelly (D)
  An iguana (D)
  An orc wizard (D)
  An adder (D)
  A bat (D)
  A hobgoblin (D)
  A quokka (D)
  A ball python (D)
  2 frilled lizards (D)
  A quokka zombie (D)
17 creatures vanquished.

Notes
Turn   | Place    | Note
-------+----------+-------------------------------------------
     0 | D        | rocky1 the Draconian Fighter began the quest for the Orb.
     0 | D        | Reached XP level 1. HP: 19/19 MP: 1/1
   122 | D        | Noticed a jelly
   122 | D        | Noticed a hound
   122 | D        | Noticed an iguana
   127 | D        | Killed an iguana
   128 | D        | Reached XP level 2. HP: 26/26 MP: 2/2
   128 | D        | Reached XP level 3. HP: 31/31 MP: 3/3
   133 | D        | Reached skill level 5 in Shields
   134 | D        | Reached XP level 4. HP: 38/38 MP: 4/4
   136 | D        | Reached skill level 5 in Long Blades
   136 | D        | Reached skill level 5 in Dodging
   405 | D        | Found a snail-covered altar of Cheibriados.
   405 | D        | Found a shadowy altar of Dithmenos.
   405 | D        | Found a white marble altar of Elyvilon.
   405 | D        | Found a blossoming altar of Fedhas.
   405 | D        | Found an opulent altar of Gozag.
   406 | D        | Found a hazy altar of Hepliaklqana.
   407 | D        | Found a viscous altar of Jiyva.
   408 | D        | Found an ancient bone altar of Kikubaaqudgha.
   409 | D        | Found a corrupted altar of Lugonu.
   410 | D        | Found a burning altar of Makhleb.
   411 | D        | Found a sparkling altar of Nemelex Xobeh.
   412 | D        | Found an iron altar of Okawaru.
   413 | D        | Found a stormy altar of Qazlal.
   414 | D        | Found a sacrificial altar of Ru.
   415 | D        | Found a shimmering blue altar of Sif Muna.
   416 | D        | Found a bloodstained altar of Trog.
   417 | D        | Found a hide-covered altar of Uskayaw.
   418 | D        | Found a radiant altar of Vehumet.
   419 | D        | Found an ornate altar of the Wu Jian Council.
   420 | D        | Became a worshipper of Warmaster Okawaru
   421 | D        | Found a shimmering altar of Xom.
   422 | D        | Found a basalt altar of Yredelemnul.
   423 | D        | Found a glowing silver altar of Zin.
   428 | D        | Found a glowing golden altar of the Shining One.
   444 | D        | Got the +3 war axe of Doubt {protect, Stlth+}
   462 | D        | Noticed a steam dragon
   462 | D        | Noticed a vampire
   462 | D        | Noticed a steam dragon
   469 | D        | Killed a steam dragon
   469 | D        | Reached * piety under Okawaru
   470 | D        | Reached XP level 5. HP: 21/45 MP: 5/5
   475 | D        | Killed an unseen horror
   475 | D        | Reached ** piety under Okawaru
   476 | D        | Reached skill level 5 in Fighting
   476 | D        | Reached XP level 6. HP: 36/56 MP: 3/8
   477 | D        | Killed a vampire
   478 | D        | Your scales start taking on a glossy black colour.
   478 | D        | Reached XP level 7. HP: 40/62 MP: 3/10
   478 | D        | Gained mutation: You are resistant to electric shocks.
                  | (rElec) [Black Draconian growth]
   481 | D        | Killed a steam dragon
   824 | D        | Noticed a slime creature
   824 | D        | Noticed a kobold demonologist
   824 | D        | Noticed a cyclops
   824 | D        | Noticed a two-headed ogre
   824 | D        | Noticed a white ugly thing
   824 | D        | Noticed a manticore
   825 | D        | Killed a manticore
   825 | D        | Reached *** piety under Okawaru
   826 | D        | Reached skill level 5 in Invocations
   826 | D        | Reached skill level 5 in Evocations
   826 | D        | Reached XP level 8. HP: 56/71 MP: 10/12
   832 | D        | Annihilated by a white ugly thing

Illustrated notes

Levels and vault maps discovered:
D:        linesprint [early_d, line_temple, items_1, d_10, items_2, lair_1,
          lair_end, items_3, orc_1, orc_end, items_4, d_15, swamp_1, shoals_1,
          snake_1, spider_1, d_20, vaults_1, items_5, swamp_end, shoals_end,
          snake_end, spider_end, vaults_end, d_27, items_6, zot_1, zot_end,
          crypt_end, forest_end, elf_end, slime_end, tomb_end, abyss_end,
          pan_hell_end]

Skill      XL: |  1  2  3  4  5  6  7 |
---------------+----------------------+-----
Dodging        | 4 6 7 8 |  8.6
Long Blades    | 3 4 7 8 9 |  9.1
Shields        | 4 5 7 8 9 |  9.5
Fighting       | 5 6 |  6.8
Invocations    | 3 4 5 |  5.7
Evocations     | 3 4 5 |  5.2

Action                   |  1- 3 |  4- 6 |  7- 9 || total
-------------------------+-------+-------+-------++-------
Melee: Long sword        |    22 |     2 |       ||    24
       Tailslap          |     3 |     3 |     1 ||     7
       Scimitar          |       |     9 |     5 ||    14
Invok: Heroism           |       |     1 |       ||     1
 Abil: Breathe Lightning |       |       |     1 ||     1
Evoke: Wand              |       |     1 |       ||     1
  Use: Potion            |     1 |     3 |     1 ||     5
Armor: Skin              |     5 |     5 |     4 ||    14
Dodge: Dodged            |    13 |     8 |     3 ||    24
Block: Buckler           |     2 |     1 |     1 ||     4

Table legend: (Time is in decaauts)
 A = Elapsed time spent in this place.
 B = Non-inter-level travel time spent in this place.
 C = Inter-level travel time spent in this place.
 D = Time resting spent in this place.
 E = Time spent auto-exploring this place.
 F = Levels seen in this place.
 G = Mean time per level.
                   A        B        C        D        E       F      G
               +--------+--------+--------+--------+--------+-----+--------+
         Total |    841 |    841 |      0 |    706 |      0 |   1 |  841.0 |
       Dungeon |    841 |    841 |      0 |    706 |      0 |   1 |  841.0 |
               +--------+--------+--------+--------+--------+-----+--------+

Top non-repeatable levels by time:
       D: 841 daAuts
